 Dungeon Crawl Stone Soup version 0.27.1 (webtiles) character file.

Game seed: 9339481787377753138

168 nxtlvl the Chopper (level 5, -5/67 HPs)
             Began as a Draconian Berserker on Aug 23, 2021.
             Was a Believer of Trog.
             Slain by Pikel (8 damage)
             ... on level 4 of the Dungeon.
             The game lasted 00:04:46 (553 turns).

nxtlvl the Chopper (Draconian Berserker)             Turns: 553, Time: 00:04:46

Health: -5/67      AC:  5    Str: 20    XL:     5   Next: 23%
Magic:  5/5        EV: 12    Int:  7    God:    Trog [**....]
Gold:   77         SH:  0    Dex: 11    Spells: 4/4 levels left

rFire    . . .     SeeInvis .   a - +0 hand axe
rCold    . . .     Faith    .   (no shield)
rNeg     . . .     Spirit   .   (armour unavailable)
rPois    .         Reflect  .   (helmet restricted)
rElec    .         Harm     .   (no cloak)
rCorr    .         Rampage  .   (no gloves)
Will     .....                  (no boots)
Stlth    ..........             (no amulet)
HPRegen  0.21/turn              k - ring of flight
MPRegen  0.09/turn              (no ring)

@: berserking, flying, very quick
A: AC +5, unfitting armour, cold-blooded
a: Renounce Religion, Berserk, Trog's Hand


You were on level 4 of the Dungeon.
You worshipped Trog.
Trog was pleased with you.
You visited 1 branch of the dungeon, and saw 4 of its levels.

You collected 77 gold pieces.

Inventory:

Hand Weapons
 a - a +0 hand axe (weapon)
Missiles
 b - 47 sling bullets
 e - 2 javelins
 g - 6 poisoned darts (quivered)
 j - 15 arrows
Jewellery
 k - a ring of flight (left hand)
Wands
 f - a wand of charming (12)
Scrolls
 c - a scroll of identify {unknown}
 d - a scroll of fog {unknown}
 h - a scroll of immolation {unknown}
Potions
 i - a potion of haste {unknown}
 l - a potion of ambrosia {unknown}


   Skills:
 - Level 3.2 Fighting
 * Level 6.0 Axes
 - Level 2.6 Dodging


You had 4 spell levels left.
You didn't know any spells.
Your spell library was empty.

Dungeon Overview and Level Annotations

Branches:
Dungeon (4/15)
 Temple: D:4-7

Altars:

Annotations:
D:4 4 runed translucent doors, Pikel


Innate Abilities, Weirdness & Mutations

Your plain brown scales are hard. (AC +5)
You cannot fit into any form of body armour.
You are cold-blooded and may be slowed by cold attacks.


Message History

You feel yourself moving faster!
You feel mighty! The lemure hits you!
You slash Pikel! You tail-slap Pikel.
Pikel is moderately wounded.
You closely miss the lemure. The lemure hits you but does no damage.
You closely miss Pikel.
Pikel is moderately wounded.
You hit the lemure.
Pikel hits you with a +0 whip of freezing.
Pikel freezes you. The lemure hits you.
You closely miss Pikel. You tail-slap Pikel.
Pikel is heavily wounded.
You slash the lemure! You hit the lemure. The lemure hits you!
* * * LOW HITPOINT WARNING * * *
You barely miss Pikel.
Pikel is heavily wounded.
You hit the lemure. You slash the lemure! You miss the lemure.
Pikel says, "Hell isn't that bad."
Pikel closely misses you. The lemure hits you but does no damage.
You slash Pikel!
Pikel is severely wounded.
You slash the lemure! You closely miss the lemure. You barely miss the lemure.
The lemure hits you.
* * * LOW HITPOINT WARNING * * *
Pikel cracks his whip.
Pikel hits you with a +0 whip of freezing.
* * * LOW HITPOINT WARNING * * *
Pikel freezes you.
* * * LOW HITPOINT WARNING * * *
You hit Pikel.
Pikel is severely wounded.
You hit the lemure. You slash the lemure! You closely miss the lemure.
The lemure hits you.
* * * LOW HITPOINT WARNING * * *
The lemure hits you.
* * * LOW HITPOINT WARNING * * *
You barely miss Pikel.
Your tail-slap misses Pikel.
Pikel is severely wounded.
You hit the lemure. You closely miss the lemure. You hit the lemure.
Pikel hits you with a +0 whip of freezing!
You die...

#......###...####'
#........#........
#........#........
#........#........
##........#........
#....#.5....###
#.#..#.#####..#######
#.#..........55.....#
#...######...5@K....#
#..##8KK8##...5.....#
##.#8.o..8#......!..#
#.+.....$+.........#
#.+......+..#.....##
#.#8....8#.##.....#
####.##8"?8##.#......#
#.....######.........+
..###+# #.....


You could see Pikel and 4 lemures.

Vanquished Creatures
  A necrophage (D:4)
  A centaur skeleton (D:4)
  Robin (D:2)
  An adder (D:4)
  An orc (D:4)
  2 bats
  2 endoplasms
  A giant cockroach (D:4)
  4 goblins
  11 hobgoblins
  A jackal (D:2)
  2 frilled lizards
  3 kobolds
  A rat (D:3)
32 creatures vanquished.

Notes
Turn   | Place    | Note
-------+----------+-------------------------------------------
     0 | D:1      | nxtlvl the Draconian Berserker began the quest for the Orb.
     0 | D:1      | Reached XP level 1. HP: 19/19 MP: 1/1
   114 | D:2      | Reached XP level 2. HP: 26/26 MP: 2/2
   212 | D:2      | Noticed Robin
   223 | D:2      | Killed Robin
   224 | D:2      | Reached skill level 4 in Axes
   224 | D:2      | Reached XP level 3. HP: 31/31 MP: 3/3
   227 | D:2      | Reached ** piety under Trog
   482 | D:4      | Found a large runed translucent door.
   482 | D:4      | Found a large runed translucent door.
   485 | D:4      | Noticed a necrophage
   493 | D:4      | Killed a necrophage
   494 | D:4      | Reached skill level 5 in Axes
   494 | D:4      | Reached XP level 4. HP: 38/38 MP: 4/4
   499 | D:4      | Reached XP level 5. HP: 45/45 MP: 5/5
   509 | D:4      | Reached skill level 6 in Axes
   517 | D:4      | Noticed an orc warrior
   523 | D:4      | Found a large runed translucent door.
   523 | D:4      | Found a large runed translucent door.
   533 | D:4      | Noticed a lemure
   534 | D:4      | Noticed a lemure
   534 | D:4      | Noticed a lemure
   534 | D:4      | Noticed a lemure
   543 | D:4      | Noticed Pikel
   552 | D:4      | HP: 3/67 [lemure[Pikel] (6)]
   553 | D:4      | Slain by Pikel

Illustrated notes

Levels and vault maps discovered:
D:1:      wheals_arrival_shading, layout_loops_ring,
          shapermc_ecumenical_altar_mp_urbaneastern, minmay_bisected
D:2:      layout_loops_corners, minmay_misc_feat_chi, minmay_octomino_e4,
          uniq_sigmund, uniq_robin
D:3:      layout_loops_ring, mainiacjoe_overflow_alcove_4,
          amcnicky_mini_rare_corridor_liquid
D:4:      layout_gridville, lemuel_zombie_altar_yredelemnul,
          mainiacjoe_overflow_catch_the_wave, kennysheep_flooded_box,
          minmay_hollow_rounded_squares, uniq_pikel

Skill      XL: |  1  2  3  4  5 |
---------------+----------------+-----
Axes           | 4 5 6 |  6.0
Fighting       | |  3.2
Dodging        | |  2.6

Action                   |  1- 3 |  4- 6 || total
-------------------------+-------+-------++-------
Melee: Hand axe          |    51 |    22 ||    73
       Tailslap          |     3 |     7 ||    10
Invok: Berserk           |     3 |     1 ||     4
Armor: Skin              |    11 |    13 ||    24
Dodge: Dodged            |    24 |    15 ||    39
